 Dungeon Crawl Stone Soup version 0.31-a0-174-g85c54bcb58 (webtiles) character file.

Game seed: 8306476752172602937

3522 dohliylev the Cleaver (level 9, -2/80 HPs)
             Began as a Minotaur Berserker on June 15, 2023.
             Was an Elder of Trog.
             Succumbed to a gnoll's poison
             ... on level 7 of the Dungeon.
             The game lasted 00:16:23 (6179 turns).

dohliylev the Cleaver (Minotaur Berserker)          Turns: 6179, Time: 00:16:24

Health: -2/80      AC: 20    Str: 26    XL:     9   Next: 81%
Magic:  8/8        EV:  8    Int:  4    God:    Trog [****..]
Gold:   267        SH:  8    Dex: 10    Spells: 8/8 levels left

rFire   + . .        C - +0 war axe
rCold   . . .        t - +0 kite shield
rNeg    . . .        D - +0 plate armour
rPois   .            A - +2 hat
rElec   .            i - +2 cloak
rCorr   .            (no gloves)
SInv    .            m - +0 pair of boots
Will    ++...        (no amulet) Stlth
                     f - ring of protection from fire
HPRegen 1.33/turn    (no ring)
MPRegen 0.11/turn

%: no passive effects
@: lethally poisoned (-2 -> -12), strong-willed (expiring), on berserk cooldown,
regenerating (expiring), hasted and slowed
A: horns 2, retaliatory headbutt
a: Renounce Religion, Berserk, Trog's Hand, Brothers in Arms


You were on level 7 of the Dungeon.
You worshipped Trog.
Trog was greatly pleased with you.
You visited 1 branch of the dungeon, and saw 7 of its levels.
You also visited: Sewer.

You collected 267 gold pieces.

Inventory:

Hand Weapons
 e - a +0 short sword of holy wrath
 k - the +2 trident "Raah" {flame, Will+++ Str-5 Int+9 Stlth-}
   (You found it on level 7 of the Dungeon)

   Str:       It affects your strength (-5).
   Int:       It affects your intelligence (+9).
   Will:      It greatly increases your willpower.
   Stlth:     It makes you less stealthy.
 C - a +0 war axe (weapon)
 G - a +4 morningstar of freezing
Missiles
 r - 2 silver boomerangs
 H - a throwing net
Armour
 i - a +2 cloak (worn)
 m - a +0 pair of boots (worn)
 s - a +2 robe of fire resistance
 t - a +0 kite shield (worn)
 A - a +2 hat (worn)
 D - a +0 plate armour (worn)
 E - a +0 troll leather armour
Jewellery
 f - a ring of protection from fire (left hand)
 z - a +6 ring of dexterity
Wands
 F - a wand of polymorph (11)
Scrolls
 b - 4 scrolls of poison {unknown}
 g - 3 scrolls of fog
 h - a scroll of amnesia {unknown}
 j - a scroll of torment {unknown}
 n - a scroll of immolation {unknown}
 v - 5 scrolls of teleportation {unknown}
 w - 4 scrolls of identify
 y - a scroll of silence {unknown}
 B - 2 scrolls of revelation {unknown}
Potions
 a - a potion of brilliance {unknown}
 c - a potion of magic {unknown}
 d - a potion of berserk rage
 l - a potion of haste {unknown}
 o - a potion of mutation {unknown}
 p - 2 potions of curing {unknown}
 q - 5 potions of enlightenment
 u - a potion of lignification {unknown}
 x - a potion of attraction {unknown}


   Skills:
 + Level 7.7 Fighting
 + Level 11.4 Axes
 + Level 8.0 Armour
 + Level 5.8 Dodging
 + Level 4.9 Shields


You had 8 spell levels left.
You didn't know any spells.
Your spell library was empty.

Dungeon Overview and Level Annotations

Branches:
Dungeon (7/15)             Temple (0/1) D:7           Sewer (visited)

Altars:
Ashenzari
Cheibriados
Makhleb
Qazlal
Vehumet
Wu Jian
Yredelemnul

Annotations:
D:7 1 transporter, Grum; PostNTower's ghost, novice DsFi


Innate Abilities, Weirdness & Mutations

You have a pair of horns on your head.
You reflexively headbutt those who attack you in melee.


Message History

* * * LOW HITPOINT WARNING * * *
The gnoll sergeant hits you from afar with a +2 trident of chaos!
* * * LOW HITPOINT WARNING * * *
You feel yourself speed up. The gnoll hits you but does no damage.
The gnoll sergeant hits you but does no damage.
The gnoll hits you but does no damage. You block the gnoll's attack.
There is an open translucent door, spattered with blood here.
You feel sick.
The gnoll sergeant shouts!
The gnoll hits you but does no damage.
You are more poisoned.
The gnoll attacks as you move away! The gnoll hits you but does no damage.
Found a long runed staff and a manual of Axes.
You feel very sick.
You slash the gnoll!
You kill the gnoll!
Trog accepts your kill.
You feel sick. You block the gnoll sergeant's attack.
The gnoll barely misses you.
Okay, then.
You fail to use your ability.
You feel sick. The gnoll sergeant barely misses you.
The gnoll hits you but does no damage.
You are more poisoned.
Your ogre goes berserk!
You feel very sick.
The gnoll sergeant hits you but does no damage.
PostNTower's ghost says, "You can run, but you can't hide!"
The gnoll hits you from afar with a +1 spear of venom.
* * * LOW HITPOINT WARNING * * *
You are lethally poisoned!
You swap places.
* * * LOW HITPOINT WARNING * * *
You feel very sick.
The gnoll sergeant barely misses your ogre.
The gnoll hits your ogre with a +1 spear of venom!
Your ogre is poisoned.
It was a potion of berserk rage.
You're still recovering from your berserk rage.
You feel the effects of Trog's Hand fading.
You die...

#.≈≈≈≈≈≈≈≈~≈≈≈≈≈≈≈≈...........
#.≈≈####.....####≈≈...........
#.≈≈#gg#8###8#..#≈≈.##.....)..
#.≈≈##h###.###.##≈≈...........
#.≈≈#g.g........#≈≈...........
#.≈≈###.##'##g###≈≈.#.........
#.≈≈..#.#...#.#..≈≈.#........#
#.≈≈.##.#..g#.##.≈≈.#.......##
#.≈≈.#..#.:W#@.#.≈≈.........##
#.≈≈.##.#####.##.≈≈.........##
#.≈≈..#g#8⌠8#O#..............)
#.~~.©#.'.©.gg#©...........##)
#.≈≈..#.#..g#g#.............#.
#.≈≈.##.##.##g##.≈≈...####....
##.≈≈.#h.#...#.©#.≈≈...#
#..###
#..≈≈.##.#⌠.⌠#.##.≈≈...#
#....#
#..≈≈..#.#...#.#..≈≈...#
###.##


You could see 3 gnoll sergeants, PostNTower's ghost, 3 gnolls and a friendly
ogre (summoned, berserk, very poisoned).

Vanquished Creatures
  The ghost of discopopstar the Chopper, an amateur MiBe of Trog (D:4)
  A troll (D:7)
  Menkaure (D:4)
  A steam dragon (D:6)
  3 sky beasts (D:7)
  A black bear (D:4)
  An ogre (D:5)
  3 wolves (D:7)
  A centaur (D:6)
  3 kobold brigands
  A phantom (D:7)
  2 bullfrogs (D:7)
  4 scorpions
  5 wights (D:7)
  4 killer bees (D:7)
  2 howler monkeys
  2 orc priests (D:5)
  Crazy Yiuf (D:4)
  5 hounds
  2 jellies
  A sleepcap (D:6)
  Jessica (D:2)
  5 iguanas
  6 orc wizards
  A gnoll (D:7)
  3 river rats (Sewer)
  5 adders
  6 white imps
  An ufetubus (D:5)
  2 worms
  2 dart slugs
  14 orcs
  9 endoplasms
  7 giant cockroaches
  6 goblins
  10 hobgoblins
  12 jackals
  3 quokkas
  9 ball pythons
  7 bats
  3 frilled lizards (D:1)
  15 kobolds
  10 rats
182 creatures vanquished.

Notes
Turn   | Place    | Note
-------+----------+-------------------------------------------
     0 | D:1      | dohliylev the Minotaur Berserker began the quest for the
                  | Orb.
     0 | D:1      | Reached XP level 1. HP: 19/19 MP: 0/0
    77 | D:1      | Reached XP level 2. HP: 22/27 MP: 1/1
    79 | D:1      | Reached skill level 4 in Axes
   276 | D:1      | Reached ** piety under Trog
   696 | D:2      | Reached XP level 3. HP: 21/33 MP: 2/2
   876 | D:2      | Reached skill level 5 in Axes
   876 | D:2      | Reached XP level 4. HP: 41/41 MP: 3/3
  1327 | D:2      | Noticed Jessica
  1336 | D:2      | Killed Jessica
  1704 | D:3      | Found an ornate altar of the Wu Jian Council.
  1834 | D:3      | Reached XP level 5. HP: 45/47 MP: 4/4
  1997 | D:3      | Found a faded altar of an unknown god.
  2053 | D:3      | Reached *** piety under Trog
  2437 | D:4      | Noticed a black bear
  2443 | D:4      | Killed a black bear
  2444 | D:4      | Reached skill level 6 in Axes
  2508 | D:4      | Reached XP level 6. HP: 55/55 MP: 5/5
  2512 | D:4      | Reached skill level 5 in Fighting
  2536 | D:4      | Noticed Menkaure
  2551 | D:4      | Killed Menkaure
  2646 | D:4      | Found a glowing drain.
  2674 | Sewer    | Entered a sewer
  2776 | Sewer    | Reached skill level 7 in Axes
  2776 | Sewer    | Reached XP level 7. HP: 53/61 MP: 6/6
  2871 | Sewer    | Found a white marble altar of Elyvilon.
  2979 | D:4      | Found a runed translucent gate.
  2982 | D:4      | Reached **** piety under Trog
  2982 | D:4      | Noticed discopopstar's ghost (amateur MiBe)
  2994 | D:4      | Found a runed translucent gate.
  3016 | D:4      | Found a radiant altar of Vehumet.
  3128 | D:4      | Found a runed translucent gate.
  3164 | D:4      | HP: 2/61 [discopopstar's ghost (4)]
  3172 | D:4      | HP: 3/61 [discopopstar's ghost (9)]
  3179 | D:4      | Killed discopopstar's ghost
  3180 | D:4      | Reached skill level 8 in Axes
  3180 | D:4      | Reached skill level 5 in Armour
  3370 | D:4      | Found a runed translucent door.
  3371 | D:4      | Noticed Crazy Yiuf
  3417 | D:4      | Killed Crazy Yiuf
  3503 | D:5      | Entered Level 5 of the Dungeon
  3548 | D:5      | Reached XP level 8. HP: 51/70 MP: 7/7
  3561 | D:5      | Reached skill level 1 in Shields
  3972 | D:5      | Reached skill level 9 in Axes
  4167 | D:5      | Found a basalt altar of Yredelemnul.
  4173 | D:5      | Found a snail-covered altar of Cheibriados.
  4235 | D:5      | Found a burning altar of Makhleb.
  4383 | D:5      | Found a broken altar of Ashenzari.
  4388 | D:5      | Saw a vision of the Shoals and the Snake Pit.
  4388 | D:5      | Noticed a water nymph
  4388 | D:5      | Noticed a manticore
  4388 | D:5      | Noticed a snapping turtle
  4388 | D:5      | Noticed a black mamba
  4388 | D:5      | Noticed a water nymph
  4388 | D:5      | Noticed a merfolk
  4388 | D:5      | Noticed a merfolk siren
  4388 | D:5      | Noticed a merfolk siren
  4388 | D:5      | Noticed a snapping turtle
  4390 | D:5      | Noticed a shock serpent
  4391 | D:5      | Noticed a mana viper
  4392 | D:5      | Noticed a naga mage
  4535 | D:6      | Reached skill level 5 in Dodging
  4720 | D:6      | Found a stormy altar of Qazlal.
  4903 | D:6      | Reached XP level 9. HP: 79/79 MP: 8/8
  5333 | D:7      | Identified the +2 trident "Raah" {flame, Will+++ Str-5
                  | Int+9 Stlth-}
  5345 | D:7      | Noticed a troll
  5360 | D:7      | Reached skill level 10 in Axes
  5368 | D:7      | Killed a troll
  5515 | D:7      | Found a transporter.
  5519 | D:7      | Found a transporter.
  5575 | D:7      | Found a staircase to the Ecumenical Temple.
  5601 | D:7      | Reached skill level 11 in Axes
  5808 | D:7      | Reached ***** piety under Trog
  6067 | D:7      | Noticed Grum
  6069 | D:7      | Identified the ring of Aleeham {Wiz rC+ Int+4 Dex+2}
  6069 | D:7      | Identified the +1 ring mail "Ixaqipel" {rElec rF- Str+3
                  | Int+3}
  6085 | D:7      | Noticed PostNTower's ghost (novice DsFi)
  6178 | D:7      | HP: 2/80 [poisoned by a gnoll]
  6179 | D:7      | Succumbed to a gnoll's poison

Illustrated notes

Levels and vault maps discovered:
D:1:      lightli_molten_gateway, layout_basic
D:2:      minmay_chambers_of_ones, layout_loops_ring, kennysheep_path_1,
          uniq_jessica
D:3:      layout_basic, nicolae_wu_jian_wuxing_cycle,
          ebering_ecumenical_altar_petrified, nicolae_titane
D:4:      layout_cave_pools, nicolae_vehumet_altar_sigil,
          ebering_ghost_rock_garden, gup_sewer_entry_glass, grunt_ministairs_5,
          uniq_menkaure, uniq_crazy_yiuf_cottage
D:5:      layout_basic, mainiacjoe_overflow_tiny_flanked,
          grunt_ashenzari_visionary [grunt_ashenzari_visionary_shoals,
          grunt_ashenzari_visionary_snake], mainiacjoe_overflow_large_starburst
D:6:      layout_loops_ring, mainiacjoe_overflow_brackets
D:7:      layout_cave_pools, minmay_temple_entry_arrows,
          gammafunk_ghost_gnarly_gnolls

Skill      XL: |  1  2  3  4  5  6  7  8  9 |
---------------+----------------------------+-----
Axes           | 4 5 6 7 8 9 11 | 11.4
Fighting       | 4 5 6 7 |  7.7
Armour         | 3 4 5 6 8 |  8.0
Dodging        | 3 4 5 |  5.8
Shields        | 3 4 |  4.9

Action                     |  1- 3 |  4- 6 |  7- 9 || total
---------------------------+-------+-------+-------++-------
  Melee: Hand axe          |    62 |   128 |   187 ||   377
         Headbutt          |    11 |    15 |    55 ||    81
         Punch             |       |     2 |       ||     2
         War axe           |       |       |    69 ||    69
 Invoke: Berserk           |       |     1 |     8 ||     9
         Trog's Hand       |       |       |     5 ||     5
         Brothers in Arms  |       |       |     1 ||     1
    Use: Scroll            |       |     2 |       ||     2
         Potion            |       |       |     3 ||     3
   Stab: Sleeping          |     1 |       |       ||     1
 Armour: Animal skin       |    15 |       |       ||    15
         Scale mail        |       |    51 |   123 ||   174
         Plate armour      |       |       |    69 ||    69
         Troll leather arm |       |       |     6 ||     6
  Dodge: Dodged            |    45 |    74 |   110 ||   229
  Block: Kite shield       |       |       |    97 ||    97

Table legend: (Time is in decaauts)
 A = Elapsed time spent in this place.
 B = Non-inter-level travel time spent in this place.
 C = Inter-level travel time spent in this place.
 D = Time resting spent in this place.
 E = Time spent auto-exploring this place.
 F = Levels seen in this place.
 G = Mean time per level.
                   A        B        C        D        E       F      G
               +--------+--------+--------+--------+--------+-----+--------+
         Total |   6294 |   6159 |    135 |    745 |   3954 |   8 |  786.8 |
       Dungeon |   6032 |   5897 |    135 |    677 |   3830 |   7 |  861.7 |
         Sewer |    261 |    261 |      0 |     68 |    124 |   1 |  261.0 |
               +--------+--------+--------+--------+--------+-----+--------+

Top non-repeatable levels by time:
     D:5: 960 daAuts
     D:2: 932 daAuts
     D:6: 880 daAuts
     D:7: 876 daAuts
     D:4: 871 daAuts
     D:3: 831 daAuts
     D:1: 679 daAuts
   Sewer: 261 daAuts
